 Dungeon Crawl Stone Soup version 0.27.1 (console) character file.

Game seed: 5771446010980085909

189 thromnambular the Skirmisher (level 5, 0/54 HPs)
             Began as an Ogre Transmuter on Sept 4, 2021.
             Was a Follower of Dithmenos.
             Slain by a white imp (2 damage)
             ... summoned by Natasha
             ... on level 3 of the Dungeon.
             The game lasted 00:10:20 (4406 turns).

thromnambular the Skirmisher (Ogre Transmuter)      Turns: 4406, Time: 00:10:21

Health: 0/54       AC:  3    Str: 15    XL:     5   Next: 68%
Magic:  9/9        EV: 10    Int: 14    God:    Dithmenos [*.....]
Gold:   116        SH:  0    Dex:  9    Spells: 7/10 levels left

rFire    . . .     SeeInvis +   c - +5 short sword (drain)
rCold    + . .     Faith    .   (no shield)
rNeg     . . .     Spirit   .   a - +0 robe
rPois    .         Reflect  .   (helmet restricted)
rElec    .         Harm     .   (no cloak)
rCorr    .         Rampage  .   (gloves unavailable)
Will     .....                  (boots unavailable)
Stlth    +.........             (no amulet)
HPRegen  0.18/turn              l - ring of protection from cold
MPRegen  0.11/turn              m - ring of see invisible

@: hasted and slowed, wreathed by umbra
A: large, unfitting armour, tough skin 1
a: Renounce Religion


You were on level 3 of the Dungeon.
You worshipped Dithmenos.
Dithmenos was aware of your devotion.
You visited 1 branch of the dungeon, and saw 3 of its levels.

You collected 116 gold pieces.

Inventory:

Hand Weapons
 c - a +5 short sword of draining (weapon)
 e - a +0 whip
 f - a +0 giant club
 i - a +0 mace
Missiles
 b - 114 stones (quivered)
Armour
 a - a +0 robe (worn)
Jewellery
 l - a ring of protection from cold (left hand)
 m - a ring of see invisible (right hand)
Wands
 h - a wand of flame (18)
Scrolls
 g - a scroll of brand weapon {unknown}
 n - a scroll of fog {unknown}
Potions
 j - a potion of flight


   Skills:
 + Level 4.0 Fighting
 + Level 2.1 Maces & Flails
 - Level 1.0 Throwing
 + Level 3.1 Dodging
 - Level 2.6 Unarmed Combat
 - Level 3.0 Spellcasting
 - Level 1.7 Transmutations


You had 7 spell levels left.
You knew the following spells:

 Your Spells              Type           Power      Damage    Failure   Level
a - Beastly Appendage     Tmut           14%        N/A       11%         1
b - Wereblood             Tmut           7%         N/A       16%         2

Your spell library contained the following spells:

 Spells                   Type           Power      Damage    Failure   Level
 Spider Form              Tmut/Pois      2%         N/A       41%         3
 Ice Form                 Ice/Tmut       4%         N/A       83%         4
 Hailstorm                Conj/Ice       2%         3d3       91%         4
 Simulacrum               Ice/Necr       1%         N/A       100%        6


Dungeon Overview and Level Annotations

Branches:
Dungeon (3/15)

Altars:
Dithmenos

Shops:
D:1 (

Annotations:
D:3 Natasha


Innate Abilities, Weirdness & Mutations

You are too large for most types of armour.
You have tough skin. (AC +1)


Message History

Natasha wildly gestures.
You feel troubled.
Natasha stares at you and mumbles some strange words.
You resist with some effort. The white imp hits you. The white imp freezes you.
You resist. The orc misses you.
You sock Natasha!
Natasha is heavily wounded.
Natasha claws you. The white imp barely misses you.
The orc hits you with a +0 whip. Natasha claws you. The white imp misses you.
The orc barely misses you. Natasha barely misses you.
Okay, then.
Unknown command.
You sense an unholy aura.
c - a +5 short sword of draining (weapon)
The white imp misses you. The orc misses you.
You hit Natasha but do no damage.
Natasha is heavily wounded.
Natasha barely misses you. The white imp closely misses you.
The orc barely misses you. Natasha claws you.
* * * LOW HITPOINT WARNING * * *
The white imp gestures at you. The puff of frost hits you. You resist.
* * * LOW HITPOINT WARNING * * *
It was a potion of haste.
You feel yourself speed up. The orc barely misses you.
Natasha claws you but does no damage. The white imp gestures at you.
The puff of frost hits you. You resist.
* * * LOW HITPOINT WARNING * * *
The orc barely misses you. Natasha closely misses you.
You closely miss Natasha.
Natasha is heavily wounded.
The white imp gestures at you. The puff of frost hits you. You resist.
* * * LOW HITPOINT WARNING * * *
The orc hits you with a +0 whip.
* * * LOW HITPOINT WARNING * * *
Natasha mumbles some strange words.
The white imp barely misses you. The white imp hits you.
You die...

###### #....# #....# #....# !
#....#
.$.##############....#########
o.............h5@............####
.........†..5.o......†...........
....#############....########..##
.... #....# #..# ... ###### ##.#
### #.## #..# ### #..# .. #...


You could see Natasha, a crimson imp (summoned), a white imp (summoned) and an
orc.

Vanquished Creatures
  An ogre (D:3)
  Natasha (D:3)
  An adder (D:2)
  4 dart slugs
  2 orcs
  3 endoplasms
  5 giant cockroaches (D:1)
  12 goblins
  A hobgoblin (D:2)
  2 jackals (D:1)
  11 kobolds
  5 quokkas
  3 ball pythons
  4 bats
  A frilled lizard (D:1)
  6 rats
62 creatures vanquished.

Vanquished Creatures (others)
  18 plants
18 creatures vanquished.

Grand Total: 80 creatures vanquished

Notes
Turn   | Place    | Note
-------+----------+-------------------------------------------
     0 | D:1      | thromnambular the Ogre Transmuter began the quest for the
                  | Orb.
     0 | D:1      | Reached XP level 1. HP: 19/19 MP: 3/3
   243 | D:1      | Reached XP level 2. HP: 28/28 MP: 3/5
   289 | D:1      | Reached skill level 2 in Fighting
   295 | D:1      | Learned a level 2 spell: Wereblood
   371 | D:1      | Found Nimmiz's Antique Weapon Shoppe.
  1005 | D:1      | Reached XP level 3. HP: 34/35 MP: 7/7
  2521 | D:2      | Found a faded altar of an unknown god.
  2535 | D:2      | Became a worshipper of Dithmenos the Shadowed
  2535 | D:2      | Reached * piety under Dithmenos
  2837 | D:2      | Reached skill level 1 in Maces & Flails
  3012 | D:2      | Reached XP level 4. HP: 33/39 MP: 8/8
  3136 | D:2      | Reached skill level 3 in Fighting
  3643 | D:3      | Noticed Natasha
  3741 | D:3      | Killed Natasha
  3742 | D:3      | Reached skill level 1 in Throwing
  3979 | D:3      | Noticed an ogre
  4248 | D:3      | Killed an ogre
  4249 | D:3      | Reached XP level 5. HP: 54/54 MP: 9/9
  4288 | D:3      | Reached skill level 4 in Fighting
  4387 | D:3      | Noticed Natasha
  4404 | D:3      | HP: 2/54 [orc (3)]
  4406 | D:3      | Slain by a white imp

Illustrated notes

Levels and vault maps discovered:
D:1:      co_arrival_random_square_maze, layout_basic, serial_shops,
          nicolae_shop_competitors_out_of_business, lexackson_kobold_supper
D:2:      layout_loops_corners, ebering_ecumenical_altar_ruins, corexii_shack
D:3:      layout_basic, uniq_natasha

Skill      XL: |  1  2  3  4  5 |
---------------+----------------+-----
Dodging        | 2 3 |  3.1
Fighting       | 2 3 4 |  4.0
Spellcasting   | 3 |  3.0
Maces & Flails | 1 2 |  2.1
Throwing       | 1 |  1.0
Unarmed Combat | |  2.6
Transmutations | |  1.7

Action                   |  1- 3 |  4- 6 || total
-------------------------+-------+-------++-------
Melee: Unarmed           |    22 |       ||    22
       Kick              |     5 |       ||     5
       Headbutt          |     2 |       ||     2
       Club              |   141 |       ||   141
       Whip              |    28 |       ||    28
       Short sword       |    25 |    25 ||    50
       Punch             |     1 |       ||     1
       Giant club        |       |    16 ||    16
Throw: Stone             |    11 |    10 ||    21
 Cast: Beastly Appendage |     8 |     1 ||     9
       Wereblood         |     1 |       ||     1
Evoke: Wand              |       |     1 ||     1
  Use: Scroll            |     2 |     1 ||     3
       Potion            |       |     2 ||     2
 Stab: Sleeping          |       |     1 ||     1
Armor: Robe              |    90 |     6 ||    96
Dodge: Dodged            |   124 |    41 ||   165
